 Dungeon Crawl Stone Soup version 0.26-a0-752-gcff87cac9a (webtiles) character file.

Game seed: 456957429151871593

67 Forecaster the Stinger (level 4, -2/36 HPs)
             Began as a Naga Venom Mage on Nov 6, 2020.
             Slain by an ooze (3 damage)
             ... on level 4 of the Dungeon.
             The game lasted 00:05:07 (1594 turns).

Forecaster the Stinger (Naga Venom Mage)            Turns: 1594, Time: 00:05:08

Health: -2/36      AC:  3    Str: 10    XL:     4   Next: 18%
Magic:  2/7        EV: 10    Int: 16    God:
Gold:   12         SH:  0    Dex: 12    Spells: 5/8 levels left

rFire    . . .     SeeInvis +   f - +3 dagger
rCold    . . .     Faith    .   (no shield)
rNeg     . . .     Spirit   .   a - +0 robe
rPois    +         Reflect  .   (no helmet)
rElec    .         Harm     .   (no cloak)
rCorr    .         Rampage  .   e - +0 pair of gloves
MR       .....                  (no barding)
Stlth    ++........             (no amulet)
HPRegen  0.12/turn              (no ring)
MPRegen  0.10/turn              (no ring)

@: hasted, quick
A: large, see invisible, deformed body, poison resistance, slowness 2, spit
poison 1, AC +1
a: Spit Poison


You were on level 4 of the Dungeon.
You visited 1 branch of the dungeon, and saw 3 of its levels.
You also visited: Ossuary.

You collected 12 gold pieces.

Inventory:

Hand Weapons
 c - a +0 dagger
 d - a +0 dagger
 f - a +3 dagger (weapon)
 g - a -2 dagger
Armour
 a - a +0 robe (worn)
 e - a +0 pair of gloves (worn)
Wands
 j - a wand of polymorph (10)
 l - a wand of iceblast (5)
Scrolls
 h - a scroll of enchant armour {unknown}
 i - a scroll of identify
 m - a scroll of teleportation
Potions
 b - a potion of flight
 k - a potion of haste


   Skills:
 + Level 0.1 Short Blades
 + Level 1.8 Dodging
 + Level 3.9 Stealth
 + Level 2.5 Spellcasting
 + Level 1.0 Transmutations
 + Level 1.1 Air Magic
 + Level 4.9 Poison Magic


You had 5 spell levels left.
You knew the following spells:

 Your Spells              Type           Power        Failure   Level
a - Sting                 Tmut/Pois      ##..         6%          1
b - Poisonous Vapours     Pois/Air       ##....       9%          2

Your spell library contained the following spells:

 Spells                   Type           Power        Failure   Level
 Ignite Poison            Fire/Tmut/Pois #.......     26%         3
 Mephitic Cloud           Conj/Pois/Air  #.......     26%         3
 Olgreb's Toxic Radiance  Pois           ###.....     26%         4


Dungeon Overview and Level Annotations

Branches:
Dungeon (4/15)            Ossuary (visited)
 Temple: D:4-7

Altars:


Innate Abilities, Weirdness & Mutations

You cannot wear boots.
Your serpentine skin is tough. (AC +1)
You have supernaturally acute eyesight. (SInv)
Armour fits poorly on your strangely shaped body.
Your system is resistant to poisons. (rPois)
You cover ground very slowly.
You can spit poison.


Message History

The ooze barely misses you.
You hit the ooze.
The ooze is lightly wounded.
You hit the ooze.
The ooze is moderately wounded.
The ooze barely misses you.
You barely miss the ooze.
The ooze is moderately wounded.
The ooze hits you.
* * * LOW HITPOINT WARNING * * *
You hit the ooze but do no damage.
The ooze is lightly wounded.
You hit the ooze.
The ooze is moderately wounded.
The ooze hits you.
* * * LOW HITPOINT WARNING * * *
You barely miss the ooze.
The ooze is moderately wounded.
The ooze hits you.
You die...

...##.#########
...##.##.##...# ...#
....#.....#...# ...#
....#.....#...# ....#
....#.....'...+ ....#
...####..####.# .....#
...####..# #.####(....#
.......... #....†.....#
........... #...@......#
............+....J.....#
.....##.... #..........#
#######.. #...##.....#
........ #$..# .....#
.....# #...# ...<.#
.....# #...# ....#
.....# ..... ....#
.....#


You could see an ooze.

Vanquished Creatures
  An iguana (D:4)
  2 adders
  A worm (D:4)
  A leopard gecko (D:2)
  2 giant cockroaches
  3 jackals (D:1)
  A bat (D:2)
  4 frilled lizards
  2 goblins
  3 kobolds (D:1)
  3 rats
23 creatures vanquished.

Notes
Turn   | Place    | Note
-------+----------+-------------------------------------------
     0 | D:1      | Forecaster the Naga Venom Mage began the quest for the Orb.
     0 | D:1      | Reached XP level 1. HP: 15/15 MP: 3/3
   241 | D:1      | Reached XP level 2. HP: 19/22 MP: 1/5
   249 | D:1      | Learned a level 2 spell: Poisonous Vapours
  1019 | D:2      | Reached XP level 3. HP: 28/28 MP: 1/6
  1069 | D:2      | You fall into a shaft and drop 2 floors!
  1071 | D:4      | Found a sand-covered staircase.
  1084 | Ossuary  | Entered an ossuary
  1588 | D:4      | Reached skill level 1 in Air Magic
  1588 | D:4      | Reached XP level 4. HP: 4/36 MP: 2/7
  1593 | D:4      | HP: 1/36 [ooze (2)]
  1594 | D:4      | Slain by an ooze

Illustrated notes

Levels and vault maps discovered:
D:1:      erik_arrival_blinker_ship, layout_loops_ring, minmay_misc_feat_columns
D:2:      layout_basic, minmay_tromino_i2
D:4:      layout_gridville, enter_ossuary_1

Skill      XL: |  1  2  3 |
---------------+----------+-----
Air Magic      | 1 |  1.1
Short Blades   | |  0.1
Dodging        | |  1.8
Stealth        | |  3.9
Spellcasting   | |  2.5
Transmutations | |  1.0
Poison Magic   | |  4.9

Action                   |  1- 3 |  4- 6 || total
-------------------------+-------+-------++-------
Melee: Dagger            |    21 |     6 ||    27
       Unarmed           |     2 |       ||     2
 Cast: Sting             |    14 |       ||    14
       Poisonous Vapours |    17 |       ||    17
  Use: Scroll            |     6 |       ||     6
       Potion            |     1 |       ||     1
Armor: Robe              |     6 |       ||     6
Dodge: Dodged            |    22 |     2 ||    24

Table legend: (Time is in decaauts)
 A = Elapsed time spent in this place.
 B = Non-inter-level travel time spent in this place.
 C = Inter-level travel time spent in this place.
 D = Time resting spent in this place.
 E = Time spent auto-exploring this place.
 F = Levels seen in this place.
 G = Mean time per level.
                   A        B        C        D        E       F      G
               +--------+--------+--------+--------+--------+-----+--------+
         Total |   1925 |   1876 |     49 |     76 |   1585 |   4 |  481.2 |
       Dungeon |   1921 |   1872 |     49 |     76 |   1585 |   3 |  640.3 |
       Ossuary |      3 |      3 |      0 |      0 |      0 |   1 |    3.0 |
               +--------+--------+--------+--------+--------+-----+--------+

Top non-repeatable levels by time:
     D:1: 1017 daAuts
     D:4: 624 daAuts
     D:2: 280 daAuts
 Ossuary: 3 daAuts
